[Event "Kragero Resort Chess A 2019"]
[Site "Kragero"]
[Date "2019.02.22"]
[Round "4.14"]
[White "Vestby-Ellingsen, Mads"]
[Black "Gudmundsson, Bjorgvin S"]
[Result "1-0"]
[ECO "D90"]
[WhiteElo "2343"]
[BlackElo "1941"]
[Annotator "NA"]
[PlyCount "63"]
[EventDate "2019.02.20"]
[EventType "swiss"]
[EventCountry "NOR"]
[SourceTitle "playchess.com"]
[Source "ChessBase"]
[SourceQuality "1"]
[TimeControl "5400+30"]

1. d4 d5 2. c4 c6 3. Nf3 Nf6 4. Nc3 g6 5. cxd5 $14 cxd5 6. Bf4 Bg7 7. h3 O-O 8. e3 Bf5 9. Qb3 Qb6 10. Qxb6 axb6 11. Be2 h6 12. O-O Rc8 13. Rfc1 Nc6 14. g4 Be6 15. Ne5 Ne4 16. Nd3 Nxc3 17. bxc3 Ra3 18. Bf3 Na5 19. Nb4 Raxc3 20. Rxc3 Rxc3 21. Nxd5 Bxd5 22. Bxd5 e6 23. Bg2 Rc2 24. Rb1 Rxa2 25. Rxb6 Ra1+ 26. Kh2 Ra2 27. Bg3 Bf8 28. Rb5 Kg7 29. d5 exd5 30. Bxd5 Ra4 31. Bc7 Bb4 32. e4 1-0

[Event "Kragero Resort Chess A 2019"]
[Site "Kragero"]
[Date "2019.02.22"]
[Round "4.15"]
[White "Lund, Gunnar"]
[Black "Sgircea, Silvia-Raluca"]
[Result "0-1"]
[ECO "A07"]
[WhiteElo "2211"]
[BlackElo "2251"]
[Annotator "NA"]
[PlyCount "86"]
[EventDate "2019.02.20"]
[EventType "swiss"]
[EventCountry "NOR"]
[SourceTitle "playchess.com"]
[Source "ChessBase"]
[SourceQuality "1"]
[TimeControl "5400+30"]

1. b3 d5 2. Bb2 Nf6 3. Nf3 Bf5 4. g3 h6 5. Bg2 e6 6. O-O Be7 7. d3 O-O $11 8. Nbd2 Nbd7 9. Re1 Bh7 10. e4 dxe4 11. dxe4 Nc5 12. Ne5 c6 13. Qe2 Qc7 14. Ng4 Nfd7 15. f4 Rfd8 16. Rad1 f6 17. Nf1 Nb6 18. e5 f5 19. Nf2 a5 20. a3 Bf8 21. Rd2 g5 22. fxg5 hxg5 23. g4 f4 24. Red1 Rxd2 25. Rxd2 Rd8 26. Be4 Rxd2 27. Nxd2 Nd5 28. Bxh7+ Qxh7 29. Nde4 Nxe4 30. Nxe4 Be7 31. Bd4 Ne3 32. Qf3 Nxc2 33. Bf2 Nxa3 34. h4 Qg7 35. hxg5 Bxg5 36. Qd3 Nb5 37. Qc4 Nc7 38. Qc5 Be7 39. Qxa5 Qxg4+ 40. Kh2 f3 41. Bg3 Qxe4 42. Qxc7 Qc2+ 43. Kh3 Qh7+ 0-1

[Event "Kragero Resort Chess A 2019"]
[Site "Kragero"]
[Date "2019.02.22"]
[Round "4.16"]
[White "Jonsson, Gauti Pall"]
[Black "Malakhatko, Vadim"]
[Result "0-1"]
[ECO "A36"]
[WhiteElo "2070"]
[BlackElo "2525"]
[Annotator "RC"]
[PlyCount "70"]
[EventDate "2019.02.20"]
[EventType "swiss"]
[EventCountry "NOR"]
[SourceTitle "playchess.com"]
[Source "ChessBase"]
[SourceQuality "1"]
[TimeControl "5400+30"]

1. c4 g6 2. g3 Bg7 3. Bg2 e6 4. e4 c5 5. Nc3 Nc6 6. Nge2 d6 7. d3 Nge7 8. Be3 Nd4 9. O-O O-O 10. Rb1 Bd7 11. b4 b6 12. a3 Bc6 13. Nf4 Qd7 14. b5 Bb7 15. Nce2 Nxe2+ 16. Qxe2 Qc7 17. h4 a6 18. a4 axb5 19. axb5 h6 20. Bh3 Bc8 21. Bg2 Ra7 22. Qd2 Kh7 23. Kh2 Bd7 24. Rh1 Rfa8 25. Qe2 Ra2 26. Qf3 Rf8 27. Nh3 f5 28. exf5 Nxf5 29. Qd1 Be5 30. Bf4 Bxf4 31. Nxf4 Rxf2 32. Qe1 Ra2 33. Nxe6 Bxe6 34. Qxe6 d5 35. Qxd5 Ne3 0-1

[Event "Kragero Resort Chess A 2019"]
[Site "Kragero"]
[Date "2019.02.22"]
[Round "4.18"]
[White "Stray, Gunnar"]
[Black "Mikalsen, Erlend"]
[Result "0-1"]
[ECO "A47"]
[WhiteElo "1994"]
[BlackElo "2406"]
[Annotator "NA"]
[PlyCount "130"]
[EventDate "2019.02.20"]
[EventType "swiss"]
[EventCountry "NOR"]
[SourceTitle "playchess.com"]
[Source "ChessBase"]
[SourceQuality "1"]
[TimeControl "5400+30"]

1. d4 Nf6 2. Nf3 b6 3. Bg5 Bb7 4. Nbd2 g6 5. Bxf6 exf6 6. e3 {[%emt 0:00:09] A47: 1 d4 Nf6 2 Nf3 b6: Torre, London and Colle Systems} f5 (6... Bg7 7. g3 O-O 8. Bg2 f5 9. O-O d6 10. Ne1 Bxg2 11. Nxg2 Nd7 12. Qf3 Re8 {1-0 (55) Andreikin,D (2705)-Pogromsky,M (2416) Sochi 2017}) 7. c3 Bg7 8. h4 h5 $146 ({Predecessor:} 8... d6 9. Qb3 Nc6 10. O-O-O Qd7 11. h5 O-O-O 12. Qa3 {0-1 (34) Wohl,A (2401)-Richardson,J (2312) West Bromwich 2003}) 9. a4 a5 10. Bd3 O-O 11. O-O d6 12. Re1 Nd7 13. Rc1 Nf6 14. e4 fxe4 15. Nxe4 Re8 16. Neg5 Rxe1+ 17. Qxe1 Qd7 18. Bc4 Nd5 19. Qd1 Qg4 20. g3 Rf8 21. Nh2 Qc8 22. Bf1 Bh6 23. c4 Nf6 $15 24. Nhf3 Ng4 25. Rc3 f6 26. Nh3 Be4 27. Bg2 Bf5 28. Qf1 Qd7 29. Ra3 Re8 30. Kh1 Be4 31. Nhg1 Qf5 32. Nh3 Kh7 33. d5 Ne5 34. Nhg1 Nd3 35. Kh2 Ne5 36. Nxe5 Qxe5 37. Bxe4 Qxe4 38. Rf3 f5 39. b3 Qc2 40. Qd3 Qa2 41. Qd1 Re4 42. Kg2 Qb2 43. Nh3 Re2 44. Ng5+ Bxg5 45. hxg5 Kg8 46. Rf4 Qe5 47. Qd4 Rb2 48. Qxe5 dxe5 49. Rf3 Kf7 50. Rc3 e4 51. Kf1 Ke7 52. c5 bxc5 53. Rxc5 Kd6 54. Rxa5 Rxb3 55. Ra8 h4 56. gxh4 f4 57. Ra6+ Kxd5 58. Rxg6 f3 59. Kg1 Rb1+ 60. Kh2 e3 61. fxe3 f2 62. e4+ Kxe4 63. Rf6 f1=Q 64. Rxf1 Rxf1 65. g6 Rf8 0-1

[Event "Kragero Resort Chess A 2019"]
[Site "Kragero"]
[Date "2019.02.22"]
[Round "4.19"]
[White "Schouten, Mathias Lind"]
[Black "Doluhanova, Evgeniya"]
[Result "0-1"]
[ECO "C54"]
[WhiteElo "1943"]
[BlackElo "2348"]
[Annotator "NA"]
[PlyCount "52"]
[EventDate "2019.02.20"]
[EventType "swiss"]
[EventCountry "NOR"]
[SourceTitle "playchess.com"]
[Source "ChessBase"]
[SourceQuality "1"]
[TimeControl "5400+30"]

1. e4 e5 2. Nf3 Nc6 3. Bc4 Bc5 4. O-O Nf6 5. d3 d6 6. c3 h6 7. b4 Bb6 8. a4 a5 {[%emt 0:00:09] C54: Giuoco Piano: 4 c3 Nf6, main lines with 5 d4 and 5 d3} 9. b5 Ne7 10. Be3 (10. Nbd2 O-O 11. Re1 Ng6 12. Bb3 Re8 13. Nc4 Bc5 14. h3 c6 15. Bd2 Be6 16. bxc6 bxc6 {½-½ (31) Nakamura,H (2793)-Xiong,J (2674) Saint Louis 2017}) 10... O-O 11. Bxb6 cxb6 12. Re1 Ng6 13. d4 $146 ({Predecessor:} 13. g3 Kh8 14. Nbd2 Bg4 15. d4 Qc7 16. Rc1 Nh7 17. h4 {½-½ (17) Khukhashvili,S (2206)-Vasquez Ramirez,R (2106) Oropesa del Mar 1999}) 13... Qc7 14. Qb3 Bg4 15. Nfd2 Nf4 16. h3 Bxh3 17. gxh3 Nxh3+ 18. Kf1 Nf4 19. Rc1 Qd7 20. Ke1 $19 d5 21. exd5 Rfe8 22. dxe5 Qg4 23. e6 N6xd5 24. Ne4 Rxe6 25. Nbd2 Rae8 26. f3 Qg3+ 0-1

[Event "Kragero Resort Chess A 2019"]
[Site "Kragero"]
[Date "2019.02.22"]
[Round "4.20"]
[White "Tunsjo, Axel"]
[Black "Gharibyan, Mamikon"]
[Result "0-1"]
[ECO "C50"]
[WhiteElo "1937"]
[BlackElo "2318"]
[Annotator "NA"]
[PlyCount "77"]
[EventDate "2019.02.20"]
[EventType "swiss"]
[EventCountry "NOR"]
[SourceTitle "playchess.com"]
[Source "ChessBase"]
[SourceQuality "1"]
[TimeControl "5400+30"]

1. e4 e5 2. Nf3 Nc6 3. Bc4 Bc5 4. O-O Nf6 5. d3 d6 6. a4 a5 7. c3 h6 8. d4 exd4 9. cxd4 Bb6 10. Qb3 O-O 11. e5 dxe5 12. dxe5 Ng4 13. Bf4 Nd4 14. Qc3 Nxf3+ 15. gxf3 Bd4 16. Qe1 Nxe5 (16... Bxb2 $19 17. Ra2 Qd4 {[%mdl 64] Double Attack}) 17. Bxe5 $17 Re8 $1 18. f4 Bh3 19. Ra3 Bxf1 20. Qxf1 Bxe5 21. fxe5 Rxe5 22. Rf3 Qg5+ 23. Kh1 Rf5 24. Rxf5 Qxf5 25. Nc3 Re8 26. Nd5 Qf3+ 27. Kg1 Re5 28. Ne3 Rg5+ 29. Ng2 Qh3 30. Bd3 Rh5 31. f3 Qxh2+ 32. Kf2 Qe5 33. Qe2 Qd4+ 34. Kg3 Re5 35. Qd2 Rd5 36. Nf4 Rg5+ 37. Kh3 Qg1 38. Qh2 Qd1 39. Be4 0-1

[Event "Kragero Resort Chess A 2019"]
[Site "Kragero"]
[Date "2019.02.22"]
[Round "4.21"]
[White "Hobber, Anders"]
[Black "Bergsson, Stefan"]
[Result "1-0"]
[ECO "D00"]
[WhiteElo "2312"]
[BlackElo "2172"]
[Annotator "NA"]
[PlyCount "109"]
[EventDate "2019.02.20"]
[EventType "swiss"]
[EventCountry "NOR"]
[SourceTitle "playchess.com"]
[Source "ChessBase"]
[SourceQuality "1"]
[TimeControl "5400+30"]

1. d4 Nf6 2. Nf3 g6 3. Nc3 d5 4. Bf4 Bg7 5. Nb5 Na6 6. e3 O-O 7. h3 c6 8. Nc3 b5 9. Be2 Nc7 10. O-O a5 11. Bd3 Nce8 12. a3 Nd6 $11 13. Be5 Nc4 14. Bxc4 dxc4 15. Bxf6 Bxf6 16. e4 Bg7 17. Re1 Qb6 18. e5 h6 19. Ne4 Ra7 20. Nc5 Kh7 21. Qe2 Rd8 22. Rad1 Rf8 23. c3 Qd8 24. e6 Qd5 25. exf7 Rxf7 26. Ne5 Rf5 27. Ng4 Rf7 28. Ne5 Rf5 29. Ne4 Rf8 30. Ng3 c5 31. Qc2 Ra6 32. dxc5 Qxc5 33. Nd7 Bxd7 34. Rxd7 Rf7 35. Qe2 Ra7 36. Rxa7 Qxa7 37. Ne4 Qc7 38. Nd2 e5 39. a4 bxa4 40. Qxc4 Qa7 41. Ne4 a3 42. bxa3 a4 43. Qe6 Re7 44. Qg4 Rf7 45. Re3 Qb6 46. c4 Rf4 47. Qe2 Bf8 48. Qd3 Rf7 49. Qd5 Qc7 50. c5 Kg7 51. Nd6 Bxd6 52. cxd6 Qc1+ 53. Kh2 Rxf2 54. Qxe5+ Rf6 55. Rf3 1-0

[Event "Kragero Resort Chess A 2019"]
[Site "Kragero"]
[Date "2019.02.22"]
[Round "4.22"]
[White "Khachatryan, Vahagn"]
[Black "Flasen, Aleksander"]
[Result "1-0"]
[ECO "D05"]
[WhiteElo "2274"]
[BlackElo "2036"]
[Annotator "NA"]
[PlyCount "93"]
[EventDate "2019.02.20"]
[EventType "swiss"]
[EventCountry "NOR"]
[SourceTitle "playchess.com"]
[Source "ChessBase"]
[SourceQuality "1"]
[TimeControl "5400+30"]

1. d4 Nf6 2. Nf3 e6 3. e3 c5 4. Bd3 d5 5. b3 Nc6 6. O-O Bd6 7. Bb2 O-O 8. Nbd2 b6 9. Ne5 {[%emt 0:00:31] The position is equal.} Bb7 {[%emt 0:06:44] D05: Colle System with ...e6} 10. f4 (10. a3 Ne7 11. dxc5 bxc5 12. c4 Ng6 13. Nxg6 hxg6 14. cxd5 exd5 {½-½ (40) Nakamura,H (2763)-Le,Q (2715) chess.com INT 2018}) 10... Ne7 11. Qf3 Qc7 ({Predecessor:} 11... cxd4 $146 12. exd4 Rc8 13. Rae1 Qc7 14. c3 g6 15. Qh3 Nh5 16. Be2 Ng7 17. Ng4 {0-1 (121) Luong,P (2150)-Wang,J (2391) Greensboro 2018}) 12. Qg3 Ne4 13. Bxe4 dxe4 14. dxc5 Nf5 15. cxd6 Qxc2 16. Qe1 f6 17. Ndc4 fxe5 18. Rf2 Nxe3 19. Rxc2 Nxc2 20. Qc3 Nxa1 21. Qxe5 Rf7 22. Qxe6 Bc8 23. Qe8+ Rf8 24. Qxe4 Bf5 25. Qd5+ Kh8 26. Bxa1 Rae8 27. Ne5 Be6 28. Qb7 Kg8 29. d7 Rd8 30. Qxa7 Bxd7 31. Qxb6 Bf5 32. Bd4 Rfe8 33. Nc6 Rd6 34. Ne7+ Rxe7 35. Qxd6 Rd7 36. Qe5 Bg6 37. f5 Bh5 38. g4 Rxd4 39. Qxd4 Be8 40. Qd5+ Kf8 41. Qd6+ Kf7 42. g5 Bb5 43. Qd5+ Kf8 44. Qxb5 h5 45. Qd7 g6 46. fxg6 h4 47. Qf7# 1-0

[Event "Kragero Resort Chess A 2019"]
[Site "Kragero"]
[Date "2019.02.22"]
[Round "4.23"]
[White "Mkrtchyan, Anahit D."]
[Black "Kazarian, Anna-Maja"]
[Result "1-0"]
[ECO "C05"]
[WhiteElo "1841"]
[BlackElo "2189"]
[Annotator "NA"]
[PlyCount "137"]
[EventDate "2019.02.20"]
[EventType "swiss"]
[EventCountry "NOR"]
[SourceTitle "playchess.com"]
[Source "ChessBase"]
[SourceQuality "1"]
[TimeControl "5400+30"]

1. e4 e6 2. d4 d5 3. Nd2 Nf6 4. Bd3 c5 5. exd5 Qxd5 6. Ngf3 cxd4 7. Bc4 Qd6 8. O-O Nc6 9. Nb3 e5 10. Re1 Be7 11. h3 O-O 12. Bb5 Nd7 13. Qe2 Bf6 14. Nbd2 Nc5 15. Nc4 Qd5 16. Ncxe5 Bxe5 17. Bxc6 Bh2+ 18. Kxh2 bxc6 19. Bf4 d3 20. Qe5 dxc2 21. Qxd5 cxd5 22. Bd6 Nd3 23. Bxf8 Kxf8 24. Nd4 Nxe1 25. Rxe1 Bd7 26. Nxc2 Rc8 27. Nd4 Rc4 28. Rd1 a5 29. Rd2 Ke7 30. Kg3 Kd6 31. Kf4 a4 32. Ke3 Rc1 33. Nf3 Ra1 34. a3 Rc1 35. Kf4 f6 36. h4 Kc5 37. Nd4 Re1 38. f3 Rh1 39. g3 h6 40. Ne2 Re1 41. Rc2+ Kd6 42. g4 g5+ 43. hxg5 hxg5+ 44. Kg3 Rd1 45. Nc3 Rd3 46. Kf2 d4 47. Ne4+ Ke7 48. Re2 Kd8 49. Nxf6 Bc6 50. Ne4 Bxe4 51. Rxe4 Rd2+ 52. Ke1 Rxb2 53. Rxd4+ Kc7 54. Rxa4 Ra2 55. Ra5 Kb6 56. Rxg5 Rxa3 57. Kf2 Kc6 58. Re5 Kd6 59. Re1 Kd5 60. Kg3 Kd6 61. g5 Kd5 62. Kg4 Ra2 63. g6 Rg2+ 64. Kf5 Kd6 65. f4 Kd7 66. Kf6 Kd6 67. g7 Kd7 68. f5 Rg3 69. Kf7 1-0

[Event "Kragero Resort Chess A 2019"]
[Site "Kragero"]
[Date "2019.02.22"]
[Round "4.24"]
[White "Vitenberg, Noam Aviv"]
[Black "Sebastian, Andreas"]
[Result "1-0"]
[ECO "E20"]
[WhiteElo "2180"]
[BlackElo "1962"]
[Annotator "NA"]
[PlyCount "67"]
[EventDate "2019.02.20"]
[EventType "swiss"]
[EventCountry "NOR"]
[SourceTitle "playchess.com"]
[Source "ChessBase"]
[SourceQuality "1"]
[TimeControl "5400+30"]

1. Nf3 Nf6 2. c4 e6 3. Nc3 c5 4. g3 Nc6 5. d4 cxd4 6. Nxd4 d5 7. cxd5 Nxd5 8. Nxc6 bxc6 9. Bg2 Bb4 10. Bd2 O-O 11. O-O Rb8 12. Qa4 Be7 13. Qc2 Ba6 14. Rfd1 Bf6 15. Rac1 Qe7 16. Bf3 Rfd8 17. b3 Nb4 18. Qb1 Bd4 19. Na4 Bb5 20. Nc3 Nd5 21. Ne4 h6 22. e3 Be5 23. Nc5 Qf6 24. Kg2 Bb2 25. Rc2 Ba3 26. Ba5 Nb6 27. Bxb6 axb6 28. Nd7 Qg6 29. Nxb8 Rxb8 30. Rcd2 Qf6 31. Qe4 g6 32. Qf4 Qxf4 33. gxf4 Be7 34. a4 1-0

[Event "Kragero Resort Chess A 2019"]
[Site "Kragero"]
[Date "2019.02.22"]
[Round "4.25"]
[White "Heimisson, Hilmir Freyr"]
[Black "Holleland, Sigve"]
[Result "0-1"]
[ECO "B20"]
[WhiteElo "2394"]
[BlackElo "2009"]
[Annotator "NA"]
[PlyCount "90"]
[EventDate "2019.02.20"]
[EventType "swiss"]
[EventCountry "NOR"]
[SourceTitle "playchess.com"]
[Source "ChessBase"]
[SourceQuality "1"]
[TimeControl "5400+30"]

1. e4 c5 2. b3 Nc6 3. Bb2 d6 4. f4 Nf6 5. e5 Nd5 6. Bc4 Nxf4 7. Qf3 dxe5 8. Bxf7+ Kxf7 9. Bxe5 Nxe5 10. Qxf4+ Ke6 11. Ne2 Ng6 $19 12. Qe4+ Kd7 13. Nbc3 e6 14. h4 Bd6 15. O-O-O a6 16. d4 c4 17. d5 e5 18. h5 Qg5+ 19. Kb1 Ne7 20. Na4 Kc7 21. Qxc4+ Kb8 22. Nb6 Bf5 23. Nc3 Ka7 24. Nb5+ axb5 25. Qxb5 Kb8 26. g4 Qxg4 27. Rhg1 Qe4 28. Rd3 Rc8 29. Nxc8 Nxc8 30. a4 Qb4 31. Qxb4 Bxb4 32. Rf3 g6 33. Kb2 Nd6 34. hxg6 hxg6 35. c3 Bc5 36. Re1 e4 37. Rff1 Kc7 38. b4 Nc4+ 39. Ka2 Bd6 40. Rh1 Rxa4+ 41. Kb3 b5 42. Rh7+ Kb6 43. Reh1 Ra3+ 44. Kc2 e3+ 45. Kd1 Bd3 0-1

[Event "Kragero Resort Chess A 2019"]
[Site "Kragero"]
[Date "2019.02.22"]
[Round "4.26"]
[White "Shehzad, Shazil"]
[Black "Ingebretsen, Jens E"]
[Result "0-1"]
[ECO "C47"]
[WhiteElo "1959"]
[BlackElo "2297"]
[Annotator "NA"]
[PlyCount "64"]
[EventDate "2019.02.20"]
[EventType "swiss"]
[EventCountry "NOR"]
[SourceTitle "playchess.com"]
[Source "ChessBase"]
[SourceQuality "1"]
[TimeControl "5400+30"]

1. e4 e5 2. Nf3 Nc6 3. Nc3 Nf6 4. d4 exd4 5. Nxd4 Bb4 6. Nxc6 bxc6 7. Bd3 d5 8. exd5 cxd5 9. O-O O-O 10. Bg5 c6 11. Na4 Bd6 12. Re1 Be6 13. c3 c5 14. Bc2 $11 Rc8 15. Qd3 c4 16. Qf3 h6 17. Bh4 Bb8 18. Bg3 d4 19. Bxb8 Rxb8 20. cxd4 Qxd4 21. Rad1 Qh4 22. Qg3 Qxg3 23. hxg3 Rfc8 24. Re5 Bd7 25. Rd2 Rc7 26. Rc5 Rxc5 27. Nxc5 Bc6 28. Ba4 c3 29. Rd1 cxb2 30. Bb3 Ne4 31. Rb1 Nxc5 32. Rxb2 Nxb3 0-1

[Event "Kragero Resort Chess A 2019"]
[Site "Kragero"]
[Date "2019.02.22"]
[Round "4.27"]
[White "Mashinskaya, Iulia"]
[Black "Eliseev, Sergey"]
[Result "1-0"]
[ECO "B07"]
[WhiteElo "2261"]
[BlackElo "1794"]
[Annotator "NA"]
[PlyCount "87"]
[EventDate "2019.02.20"]
[EventType "swiss"]
[EventCountry "NOR"]
[SourceTitle "playchess.com"]
[Source "ChessBase"]
[SourceQuality "1"]
[TimeControl "5400+30"]

1. d4 g6 2. e4 d6 3. Nc3 Bg7 4. Be3 Nf6 5. h3 O-O 6. g4 e5 7. Bg2 exd4 8. Bxd4 Nc6 9. Be3 Re8 $11 10. Nge2 h5 11. g5 Nd7 12. O-O Nb6 13. b3 Be6 14. Qd2 Qd7 15. Kh2 Red8 16. Rad1 Ne7 17. a4 c6 18. a5 Nbc8 19. Bd4 Bxd4 20. Qxd4 Qc7 21. b4 d5+ 22. f4 Nd6 23. Qe5 Ne8 24. exd5 Qxe5 25. fxe5 Bxd5 26. Nxd5 Nxd5 27. Bxd5 cxd5 28. Nf4 Rac8 29. Rf2 Nc7 30. Rdd2 Kg7 31. Kg3 Rd7 32. Rfe2 Ne6 33. Nxd5 Nxg5 34. h4 Ne6 35. Nf6 Rc3+ 36. Kf2 Rxd2 37. Rxd2 Rc4 38. b5 Rc5 39. b6 Rxe5 40. Ne8+ Kf8 41. a6 Nc5 42. Nf6 Rf5+ 43. Kg2 bxa6 44. bxa7 1-0

[Event "Kragero Resort Chess A 2019"]
[Site "Kragero"]
[Date "2019.02.22"]
[Round "4.28"]
[White "Albzour, Abdalsalam"]
[Black "Skotheim, Andreas"]
[Result "0-1"]
[ECO "B44"]
[WhiteElo "1869"]
[BlackElo "2168"]
[Annotator "NA"]
[PlyCount "86"]
[EventDate "2019.02.20"]
[EventType "swiss"]
[EventCountry "NOR"]
[SourceTitle "playchess.com"]
[Source "ChessBase"]
[SourceQuality "1"]
[TimeControl "5400+30"]

1. e4 c5 2. Nf3 e6 3. d4 cxd4 4. Nxd4 Nc6 5. Be3 Nf6 6. Nd2 Qc7 7. Be2 {[%emt 0:02:46] B44: Sicilian: Taimanov: 5 Nb5} d5 (7... a6 8. O-O d6 9. Kh1 Bd7 10. f4 Be7 11. Bf3 O-O 12. c3 d5 13. e5 Ne8 {½-½ (43) Stojkovic,A (1956)-Sprenar,P (2236) Marianske Lazne 2019}) 8. Nb5 Qb8 9. Bf3 $146 ({Predecessor:} 9. exd5 Nxd5 10. Bg5 a6 11. c4 Nf4 12. Bxf4 Qxf4 13. g3 Qb8 {1-0 (42) Schiffer,S (2077)-Serbu,E (2121) Germany 2015}) 9... a6 10. exd5 Nxd5 11. Nd4 Bd7 12. Nc4 Nxe3 13. fxe3 Qc7 14. Qe2 Rc8 15. Nd2 Nxd4 16. exd4 Qxc2 17. Bxb7 Qxb2 18. Rb1 Rc1+ 19. Rxc1 Qxc1+ 20. Qd1 Qb2 {[%emt 0:02:03] Double Attack} 21. Bxa6 $19 Bb4 22. Rf1 Qxd4 23. Rf2 Qe3+ 24. Kf1 Bc5 25. Rf3 Qg1+ 26. Ke2 Qxg2+ 27. Ke1 Qxh2 28. Qb3 Qe5+ 29. Be2 O-O 30. Rd3 Bb5 31. Qxb5 Bf2+ 32. Kxf2 Qxb5 33. Ne4 Qb6+ 34. Kg2 f5 35. Nf2 e5 36. Rb3 Qc6+ 37. Kg1 e4 38. Rb4 Qc3 39. Rb3 Qe1+ 40. Bf1 e3 41. Nd3 Qg3+ 42. Bg2 e2 43. Kh1 f4 0-1

[Event "Kragero Resort Chess A 2019"]
[Site "Kragero"]
[Date "2019.02.22"]
[Round "4.29"]
[White "Aarnes, Eirik"]
[Black "Gonzalez, Francisco Silva"]
[Result "1-0"]
[ECO "C68"]
[WhiteElo "1843"]
[BlackElo "2142"]
[Annotator "NA"]
[PlyCount "125"]
[EventDate "2019.02.20"]
[EventType "swiss"]
[EventCountry "NOR"]
[SourceTitle "playchess.com"]
[Source "ChessBase"]
[SourceQuality "1"]
[TimeControl "5400+30"]

1. e4 e5 2. Nf3 Nc6 3. Bb5 a6 4. Bxc6 dxc6 5. O-O Bd6 6. d4 exd4 7. Qxd4 f6 8. Be3 Ne7 9. Nbd2 Be6 10. Qc3 Ng6 11. Nd4 Qe7 12. Nxe6 Qxe6 13. Qb3 Qxb3 14. axb3 O-O-O 15. Rad1 Rhe8 16. Rfe1 Re7 17. g3 Bb4 18. c3 Bd6 19. f4 Red7 20. Kf2 b6 21. Ke2 b5 22. b4 Re8 23. Kf3 Bf8 24. Nb3 Rde7 25. Bc5 Rf7 26. Ra1 Bxc5 27. Nxc5 Kd8 28. Red1+ Ke7 29. Rxa6 Kf8 30. Rxc6 Rfe7 31. Rd7 Rxd7 32. Nxd7+ Ke7 33. Nc5 Rc8 34. h4 h5 35. e5 Kf7 36. exf6 gxf6 37. Ne4 Ke7 38. Nxf6 Nf8 39. Nxh5 Ne6 40. f5 Nd8 41. Rh6 Ra8 42. Rh7+ Kd6 43. Rh8 Ke7 44. f6+ Kf7 45. g4 Kg6 46. g5 Rb8 47. Rh6+ Kf5 48. g6 Nc6 49. Ng3+ Kxf6 50. g7+ Kxg7 51. Rxc6 Rf8+ 52. Kg4 Rf7 53. Nf5+ Kh7 54. Rh6+ Kg8 55. Re6 Rd7 56. Rg6+ Kh8 57. Kg5 Rd2 58. Nh6 Rxb2 59. Rc6 Rd2 60. Rxc7 Rd3 61. Ng4 Rd5+ 62. Kg6 Rd6+ 63. Nf6 1-0

[Event "Kragero Resort Chess A 2019"]
[Site "Kragero"]
[Date "2019.02.22"]
[Round "4.30"]
[White "Tenold, Andreas"]
[Black "Saltvedt, Martin"]
[Result "1-0"]
[ECO "B51"]
[WhiteElo "1822"]
[BlackElo "2095"]
[Annotator "NA"]
[PlyCount "35"]
[EventDate "2019.02.20"]
[EventType "swiss"]
[EventCountry "NOR"]
[SourceTitle "playchess.com"]
[Source "ChessBase"]
[SourceQuality "1"]
[TimeControl "5400+30"]

1. e4 c5 2. Nf3 Nc6 3. Bb5 d6 4. Bxc6+ bxc6 5. O-O e6 6. Re1 Be7 7. d3 Ba6 8. Nbd2 d5 9. Ne5 Qc7 10. exd5 cxd5 11. Qg4 Bc8 12. Qxg7 Bf6 13. Qg3 Ne7 14. Ng4 Qc6 15. Nxf6+ Kf8 16. Nf3 Nf5 17. Qe5 Bb7 18. Qxf5 1-0

[Event "Kragero Resort Chess A 2019"]
[Site "Kragero"]
[Date "2019.02.22"]
[Round "4.31"]
[White "Kizatbay, Abyl"]
[Black "Sidali, Elias Hulleberg"]
[Result "1/2-1/2"]
[ECO "B13"]
[WhiteElo "2084"]
[BlackElo "1840"]
[Annotator "NA"]
[PlyCount "61"]
[EventDate "2019.02.20"]
[EventType "swiss"]
[EventCountry "NOR"]
[SourceTitle "playchess.com"]
[Source "ChessBase"]
[SourceQuality "1"]
[TimeControl "5400+30"]

1. e4 c6 2. d4 d5 3. exd5 cxd5 4. Nf3 Nc6 5. Ne5 Nf6 6. Bb5 Bd7 7. Nxd7 Qxd7 8. c3 e6 9. Nd2 Bd6 10. O-O O-O 11. f4 a6 12. Bd3 b5 13. a3 Na5 14. Nf3 Nc4 15. Qe2 Bc7 16. Ne5 Qe7 17. g4 Nd6 18. Be3 $11 (18. f5 $5 ) 18... Nfe4 19. a4 f6 20. Nf3 Qd7 21. Ra2 Rfb8 22. Rc1 bxa4 23. Rca1 a3 24. Rxa3 a5 25. h3 Qc6 26. R3a2 Rb7 27. Bc1 Bb6 28. Be3 Bd8 29. Bc1 Bb6 30. Be3 Bd8 31. Bc1 1/2-1/2

[Event "Kragero Resort Chess A 2019"]
[Site "Kragero"]
[Date "2019.02.22"]
[Round "5.5"]
[White "Miedema, David"]
[Black "Holm, Kristian Stuvik"]
[Result "0-1"]
[ECO "C96"]
[WhiteElo "2356"]
[BlackElo "2456"]
[Annotator "ChessBase"]
[PlyCount "126"]
[EventDate "2019.02.20"]
[EventType "swiss"]
[EventCountry "NOR"]
[SourceTitle "playchess.com"]
[Source "ChessBase"]
[SourceQuality "1"]
[TimeControl "5400+30"]

1. e4 e5 2. Nf3 Nc6 3. Bb5 a6 4. Ba4 Nf6 5. O-O Be7 6. Re1 b5 7. Bb3 d6 8. c3 O-O 9. h3 Na5 10. Bc2 c5 11. d4 Nd7 12. a4 Rb8 13. Nbd2 exd4 14. cxd4 Nc6 15. d5 Nce5 16. Nxe5 Nxe5 17. f4 Ng6 18. Nf3 Bh4 19. Nxh4 Qxh4 20. Rf1 f5 21. axb5 axb5 22. e5 Bb7 23. b4 cxb4 24. exd6 Qf6 25. Rb1 Qxd6 26. Qd4 Rf7 27. Bb3 Rd8 28. Bb2 Bxd5 29. Rbd1 Rfd7 30. Qe3 Qe7 31. Bxd5+ Rxd5 32. Qb3 Qf7 33. Rxd5 Qxd5 34. Qxb4 h6 35. Rf3 Kh7 36. Kh2 Qc4 37. Qxc4 bxc4 38. Rf2 Kg8 39. g4 Kf7 40. Kg2 Rd3 41. Be5 fxg4 42. hxg4 Nxe5 43. fxe5+ Ke6 44. Rf4 c3 45. Rc4 Kxe5 46. Rc7 g5 47. Kf2 Kd4 48. Rc6 Rd2+ 49. Ke1 Rh2 50. Kd1 Kd3 51. Rd6+ Ke4 52. Rf6 Ke3 53. Kc1 Ke4 54. Kd1 Ke5 55. Rf5+ Kd4 56. Rf6 c2+ 57. Kc1 Ke5 58. Rf5+ Ke4 59. Rf6 Rg2 60. Kb2 Rxg4 61. Rxh6 Rg2 62. Rf6 g4 63. Kc1 Rh2 0-1

[Event "Kragero Resort Chess A 2019"]
[Site "Kragero"]
[Date "2019.02.22"]
[Round "5.6"]
[White "Sgircea, Silvia-Raluca"]
[Black "Kjartansson, Gudmundur"]
[Result "0-1"]
[ECO "A15"]
[WhiteElo "2251"]
[BlackElo "2403"]
[Annotator "NA"]
[PlyCount "92"]
[EventDate "2019.02.20"]
[EventType "swiss"]
[EventCountry "NOR"]
[SourceTitle "playchess.com"]
[Source "ChessBase"]
[SourceQuality "1"]
[TimeControl "5400+30"]

1. Nf3 d5 2. g3 Nf6 3. Bg2 g6 4. c4 Bg7 5. O-O O-O 6. Qc2 d4 7. d3 Nc6 8. a3 a5 9. b3 e5 10. Nbd2 Re8 11. Rb1 Bf8 12. Bb2 Bc5 13. Ne1 Qd6 14. Qc1 Bg4 15. f3 Bd7 16. Ne4 Nxe4 17. fxe4 Ra6 18. Nc2 Rb6 19. Ba1 Kg7 20. Rf2 f6 21. Qf1 Rf8 22. Qc1 Rf7 23. Bf3 Qe7 24. Bg2 Rf8 25. Kh1 Rf7 26. Rf1 h5 27. Rf2 Rf8 28. Rf1 Rh8 29. Bf3 Be6 30. Rf2 g5 31. Kg1 h4 32. gxh4 Rxh4 33. Rg2 Kh8 34. Rf2 Bd7 35. Bg2 Kg7 36. Qf1 Rh6 37. a4 Nd8 38. Rf3 Ne6 39. e3 dxe3 40. Nxe3 Bxe3+ 41. Rxe3 c5 42. Bc3 Ra6 43. Rf3 Ra8 44. Bh3 Nf4 45. Bxd7 Qxd7 46. Bd2 Qg4+ 0-1